 Dungeon Crawl Stone Soup version 0.18.1-48-g4cf74bf (webtiles) character file.

522 Joat the Archer (level 7, 0/55 HPs)
             Began as a Centaur Hunter on Aug 6, 2016.
             Was a Follower of Qazlal.
             Slain by Heedrag's ghost (2 damage)
             ... on level 4 of the Dungeon.
             The game lasted 00:20:51 (3830 turns).

Joat the Archer (Centaur Hunter)                    Turns: 3830, Time: 00:20:53

Health: 0/55       AC:  5    Str: 15    XL:     7   Next: 2%
Magic:  7/7        EV:  9    Int: 10    God:    Qazlal [*.....]
Gold:   191        SH:  1    Dex: 11    Spells: 0 memorised, 6 levels left

rFire  + . .     SeeInvis .     b - +0 short sword
rCold  . . .     Gourm    .     l - +1 leather armour {rC+}
rNeg   . . .     Faith    .     (no shield)
rPois  .         Spirit   .     (no helmet)
rElec  .         Dismiss  .     (no cloak)
rCorr  .         Reflect  .     (no gloves)
SustAt .         Harm     .     (no barding)
MR     .....                    w - amulet of rage
Stlth  +.........               (no ring)
                                j - ring of fire

@: exhausted, flying, very slightly contaminated, slowed, invisible, not
resistant to hostile enchantments, very unstealthy
A: hooves 3, deformed body, speed 2, tough skin 3
a: Renounce Religion, Evoke Berserk Rage


You were on level 4 of the Dungeon.
You worshipped Qazlal.
Qazlal was aware of your devotion.
You were hungry.

You visited 1 branch of the dungeon, and saw 4 of its levels.

You collected 191 gold pieces.

Inventory:

Hand Weapons
 a - a +1 shortbow
 b - a +0 short sword (weapon)
Missiles
 p - 61 bolts
 z - 5 tomahawks (quivered)
Armour
 c - a +0 leather armour
 l - a +1 leather armour of cold resistance (worn)
Jewellery
 j - a ring of fire (left hand)
 w - an amulet of rage (around neck)
 x - an uncursed ring of poison resistance {unknown}
Scrolls
 i - 4 scrolls of fog {unknown}
 n - 5 scrolls of identify {unknown}
 o - a scroll of magic mapping {unknown}
 r - a scroll of random uselessness {unknown}
 s - 3 scrolls of teleportation {unknown}
 y - a scroll of enchant armour {unknown}
 A - a scroll of remove curse {unknown}
Potions
 h - a potion of brilliance {unknown}
 k - a potion of degeneration {unknown}
 q - 2 potions of curing
 v - a potion of flight
 B - a potion of might {unknown}
Comestibles
 f - 2 bread rations
 g - 8 chunks of flesh
 m - 2 beef jerkies
 t - 6 fruits
 u - a slice of pizza


   Skills:
 - Level 2.0 Fighting
 + Level 10.9 Bows
 - Level 1.3 Dodging
 - Level 0.5 Stealth


You had 6 spell levels left.
You didn't know any spells.

Dungeon Overview and Level Annotations

Branches:
Dungeon (4/15)
 Temple: D:4-7

Altars:
Qazlal

Annotations:
D:4 Heedrag's ghost, amateur DECj


Innate Abilities, Weirdness & Mutations

You have hooves in place of feet.
Armour fits poorly on your strangely shaped body.
You cover ground very quickly.
You have extremely tough skin (AC +3).


Message History

Drink which item? (? for menu, Esc to quit)
It was a potion of flight.
You feel very buoyant.
You fly up into the air.
Heedrag's ghost hits you but does no damage.
Heedrag's ghost casts a spell at you. The magic dart hits you!
* * * LOW HITPOINT WARNING * * *
Drink which item? (? for menu, Esc to quit)
It was a potion of invisibility.
You fade into invisibility!
Heedrag's ghost closely misses you.
You are very lightly contaminated with residual magic.
You completely miss Heedrag's ghost.
Heedrag's ghost is moderately damaged.
Heedrag's ghost casts a spell at you. The magic dart hits you!
* * * LOW HITPOINT WARNING * * *
Heedrag's ghost hits you.
You die...

#.#.#####.# ....
#.>.......#.....
###'#....(((....
#........##
#......(.#
#.....(..#
#........#
#....§W..#
#.....@..#
#......§.#
#........#
#######.###.####
#.......# #.#
#.#########.#
#...........#
#############


You could see Heedrag's ghost.

Vanquished Creatures
  Duvessa (D:4)
  An ice beast (D:3)
  Dowan (D:4)
  A giant frog skeleton (D:4)
  3 orc wizards (D:3)
  7 adders
  2 worms
  7 giant geckos
  10 orcs
  2 giant cockroaches
  11 goblins
  7 hobgoblins
  5 jackals
  4 kobolds
  3 quokkas
  4 ball pythons
  7 bats
  5 giant newts
  6 rats
  2 plants (D:1)
89 creatures vanquished.

Notes
Turn   | Place    | Note
--------------------------------------------------------------
     0 | D:1      | Joat the Centaur Hunter began the quest for the Orb.
     0 | D:1      | Reached XP level 1. HP: 17/17 MP: 1/1
   133 | D:1      | Reached XP level 2. HP: 24/24 MP: 2/2
   168 | D:1      | Reached skill level 6 in Bows
  1016 | D:2      | Reached XP level 3. HP: 29/29 MP: 3/3
  1208 | D:2      | Reached skill level 7 in Bows
  1245 | D:2      | You fall through a shaft!
  1316 | D:3      | Noticed an ice beast
  1365 | D:3      | Killed an ice beast
  1365 | D:3      | Reached skill level 8 in Bows
  1365 | D:3      | Reached XP level 4. HP: 10/36 MP: 4/4
  1365 | D:3      | Reached XP level 5. HP: 11/41 MP: 5/5
  2081 | D:3      | Reached skill level 9 in Bows
  2155 | D:3      | Found a stormy altar of Qazlal.
  2164 | D:3      | Became a worshipper of Qazlal Stormbringer
  2329 | D:3      | HP: 1/41 [something/magic dart (7)]
  2332 | D:3      | Reached XP level 6. HP: 1/48 MP: 6/6
  3407 | D:4      | Noticed Dowan
  3408 | D:4      | Noticed Duvessa
  3599 | D:4      | Killed Duvessa
  3599 | D:4      | Reached skill level 10 in Bows
  3604 | D:4      | Killed Dowan
  3634 | D:4      | Reached * piety under Qazlal
  3634 | D:4      | Reached XP level 7. HP: 23/55 MP: 7/7
  3790 | D:4      | Noticed Heedrag's ghost (amateur DECj)
  3830 | D:4      | HP: 2/55 [Heedrag's ghost/magic dart (7)]
  3830 | D:4      | Slain by Heedrag's ghost

Skill      XL: |  1  2  3  4  5  6 |
---------------+-------------------+-----
Bows           | 6 8 9 10 | 10.9
Fighting       | |  2.0
Dodging        | |  1.3
Stealth        | |  0.5

Action                   |  1- 3 |  4- 6 |  7- 9 || total
-------------------------+-------+-------+-------++-------
Melee: Short sword       |   144 |    75 |    17 ||   236
       Kick              |    62 |    19 |     4 ||    85
       Shortbow          |       |     1 |       ||     1
 Fire: Shortbow          |   117 |   119 |    10 ||   246
Throw: Tomahawk          |       |     2 |       ||     2
 Abil: Evoke Berserk Rag |       |       |     1 ||     1
  Use: Potion            |       |       |     3 ||     3
  Eat: Chunk             |     1 |     5 |     1 ||     7
Armor: Leather armour    |    26 |    31 |    11 ||    68
Dodge: Dodged            |    33 |    40 |     8 ||    81
